 Dungeon Crawl Stone Soup version 0.28-b1-70-g80dc712255 (webtiles) character file.

Game seed: 6502115506658699657

14539 iguanaiguana the Cleaver (level 11, -1/101 HPs)
             Began as a Minotaur Fighter on Feb 4, 2022.
             Was an Initiate of Gozag.
             Succumbed to a cane toad's poison
             ... on level 3 of the Lair of Beasts.
             The game lasted 00:19:02 (14851 turns).

iguanaiguana the Cleaver (Minotaur Fighter)        Turns: 14851, Time: 00:19:03

Health: -1/101     AC: 18    Str: 26    XL:     11   Next: 90%
Magic:  10/10      EV:  6    Int:  5    God:    Gozag
Gold:   1589       SH: 15    Dex:  9    Spells: 10/10 levels left

rFire   . . .      SeeInvis .   D - +0 broad axe
rCold   + . .      Faith    .   H - +0 tower shield
rNeg    . . .      Spirit   .   d - +3 chain mail
rPois   .          Reflect  .   (helmet restricted)
rElec   .          Harm     .   (no cloak)
rCorr   .          Rampage  .   L - +1 pair of gloves
Will    .....                   n - +0 pair of boots
Stlth   ..........              l - amulet of the acrobat
HPRegen 0.26/turn               E - ring of protection from cold
MPRegen 0.12/turn               (no ring)

@: lethally poisoned (-1 -> -9), gold aura
A: horns 2, retaliatory headbutt
a: Renounce Religion, Potion Petition, Call Merchant, Bribe Branch


You were on level 3 of the Lair of Beasts.
You worshipped Gozag.
Gozag was most pleased with you.
You visited 2 branches of the dungeon, and saw 12 of its levels.

You collected 1966 gold pieces.
You paid 377 gold pieces to Gozag.

Inventory:

Hand Weapons
 k - the +8 shortbow of Death's Door {freeze, rPois}
   (You found it on level 2 of the Lair of Beasts)

   Any ammunition fired from it freezes those it strikes, dealing additional
   cold damage.
   It can also slow down cold-blooded creatures.
   rPois:     It protects you from poison.
 x - a +0 scimitar of flaming
 A - a +3 hand axe
 D - a +0 broad axe (weapon)
Missiles
 b - 8 poisoned darts (quivered)
 r - 133 arrows
 z - a throwing net
Armour
 d - a +3 chain mail (worn)
 n - a +0 pair of boots (worn)
 H - a +0 tower shield (worn)
 L - a +1 pair of gloves (worn)
Jewellery
 l - an amulet of the acrobat (around neck)
 B - a ring of magical power
 E - a ring of protection from cold (left hand)
 F - the amulet "Viun" {rElec Will++ Regen+ Int-5 SInv}
   (You found it on level 7 of the Dungeon)

   [amulet of regeneration]

   Int:       It affects your intelligence (-5).
   rElec:     It insulates you from electricity.
   SInv:      It lets you see invisible.
   Regen:     It increases your rate of health regeneration.
   Will:      It greatly increases your willpower.
Wands
 c - a wand of charming (8)
 v - a wand of paralysis (35)
 C - a wand of digging (2) {@v3}
 J - a wand of polymorph (6)
Scrolls
 e - 3 scrolls of teleportation {@r3}
 f - a scroll of magic mapping {@r5}
 h - a scroll of holy word {unknown}
 i - 2 scrolls of fear
 p - a scroll of silence
 q - 3 scrolls of amnesia
 s - a scroll of vulnerability
 K - 3 scrolls of fog
Potions
 a - 2 potions of flight
 o - 2 potions of degeneration
 u - 3 potions of attraction
 w - a potion of mutation {unknown}
 G - a potion of invisibility {unknown}


   Skills:
 + Level 10.8 Fighting
 * Level 13.8 Axes
 + Level 10.8 Armour
 + Level 10.8 Shields
 * Level 5.0 Evocations


You had 10 spell levels left.
You didn't know any spells.
Your spell library was empty.

Dungeon Overview and Level Annotations

Branches:
Dungeon (9/15)             Temple (0/1) D:4            Lair (3/6) D:9
  Swamp: Lair:2-4    Shoals: Lair:2-4     Snake: Lair:2-4    Spider: Lair:2-4
    Orc: D:9-12

Altars:
Ashenzari
Cheibriados
Elyvilon
Fedhas
Gozag
Okawaru
Xom
The Shining One

Annotations:
D:6 exclusion: bush


Innate Abilities, Weirdness & Mutations

You have a pair of horns on your head.
You reflexively headbutt those who attack you in melee.


Message History

You block the polar bear's attack. x2; The polar bear bites you!
The polar bear claws you but does no damage.
The polar bear claws you.
You hit the polar bear but do no damage.
The water moccasin is no longer distracted by gold.
The water moccasin is distracted by your dazzling golden aura.
You block the polar bear's attack. The polar bear claws you.
The polar bear claws you but does no damage.
You barely miss the polar bear.
The water moccasin hisses angrily.
Your headbutt misses the polar bear. The polar bear barely misses you.
The polar bear claws you but does no damage.
You block the polar bear's attack.
You hit the komodo dragon. You headbutt the komodo dragon!
The komodo dragon is moderately wounded.
You slice the polar bear!!
The cane toad is no longer distracted by gold.
You block the polar bear's attack.
The polar bear claws you but does no damage. x2
The komodo dragon bites you but does no damage.
You barely miss the polar bear. You headbutt the polar bear!
The polar bear is severely wounded.
You hit the komodo dragon but do no damage.
The polar bear goes berserk!
The komodo dragon is distracted by your dazzling golden aura.
The komodo dragon hisses angrily.
You hit the polar bear. You headbutt the polar bear!
The polar bear is almost dead.
You hit the cane toad. You hit the komodo dragon.
The komodo dragon is no longer distracted by gold.
The polar bear barely misses you. You block the polar bear's attack.
The polar bear claws you but does no damage.
The komodo dragon bites you but does no damage.
The cane toad stings you but does no damage.
The polar bear bites you. You block the polar bear's attack.
The polar bear claws you but does no damage.
The komodo dragon barely misses you. The cane toad barely misses you.
You closely miss the polar bear. Your headbutt misses the polar bear.
The polar bear is almost dead.
You barely miss the cane toad. You slash the komodo dragon!
The water moccasin is no longer distracted by gold.
The polar bear bites you! You block the polar bear's attack. x2
The cane toad stings you!
You are poisoned.
The cane toad poisons you! The komodo dragon bites you!
The polar bear bites you but does no damage.
You block the polar bear's attack.
The polar bear claws you but does no damage.
You are too injured to fight recklessly!
You are too injured to fight recklessly!
You are too injured to fight recklessly!
You are too injured to fight recklessly!
You are too injured to fight recklessly!
You are too injured to fight recklessly!
You are too injured to fight recklessly!
You are too injured to fight recklessly!
You are too injured to fight recklessly!
You are too injured to fight recklessly!
You are too injured to fight recklessly!
Unknown command.
Okay, then.
You feel better. You block the polar bear's attack. x2
The polar bear claws you but does no damage.
The cane toad stings you!
You are poisoned.
The cane toad poisons you!
The komodo dragon bites you but does no damage.
You slice the polar bear!!
You kill the polar bear!
You slash the komodo dragon! You slice the cane toad!!
You feel very sick. The cane toad closely misses you.
You block the komodo dragon's attack. The cane toad stings you!
* * * LOW HITPOINT WARNING * * *
You are lethally poisoned!
The cane toad poisons you!
Your Evocations skill increases to level 5!
* * * LOW HITPOINT WARNING * * *
You feel extremely sick. You block the komodo dragon's attack.
* * * LOW HITPOINT WARNING * * *
You feel very sick.
The komodo dragon is distracted by your dazzling golden aura.
You block the water moccasin's attack.
* * * LOW HITPOINT WARNING * * *
You feel very sick.
The water moccasin is distracted by your dazzling golden aura.
* * * LOW HITPOINT WARNING * * *
You feel very sick.
* * * LOW HITPOINT WARNING * * *
You feel very sick.
* * * LOW HITPOINT WARNING * * *
You feel sick.
The komodo dragon is no longer distracted by gold.
The water moccasin is no longer distracted by gold.
You block the cane toad's attack.
The water moccasin is distracted by your dazzling golden aura.
It was a potion of magic.
Magic courses through your body.
You die...
Your body crumbles into a pile of gold.

................
......$..$...# .........#
........l## ....#.>.S.#
...##....## . ..........#
.. ####)....F##
...##.8..#...P@### ###.##
...............P.###..P..##
....8.>.8.................#
...........##.P...#......#
..##...##.########.....##
###.#.#.# #.......#
##.....#### #......P# .
.#...8...#.#P#####.....#
...#..........#...........#


You could see a komodo dragon, a cane toad and a water moccasin (unaware).

Vanquished Creatures
  A hydra (Lair:1)
  A catoblepas (Lair:3)
  Erica (D:8)
  Pikel (D:4)
  2 black mambas
  5 cane toads
  A kobold demonologist (D:5)
  2 komodo dragons
  A rime drake (Lair:3)
  A polar bear (Lair:3)
  5 blink frogs
  Sigmund (D:6)
  3 wyverns
  13 yaks
  A basilisk (Lair:1)
  8 water moccasins
  A hornet zombie (D:7)
  8 black bears
  An orc warrior (D:7)
  2 ice beasts
  A sky beast (D:7)
  2 centaurs
  5 ogres
  5 wolves (Lair:2)
  2 phantoms
  2 kobold brigands
  Blork the orc (D:5)
  8 bullfrogs
  A wyvern zombie (D:8)
  A gnoll sergeant (D:5)
  6 scorpions
  A wyvern skeleton (D:6)
  A water moccasin skeleton (D:6)
  A howler monkey (D:6)
  4 wights (D:8)
  An electric eel (Lair:2)
  4 hounds
  5 centaur zombies
  A jelly (D:4)
  A bullfrog zombie (D:6)
  An orc priest (D:5)
  An iguana (D:5)
  Natasha (thrice) (D:4)
  5 orc wizards
  A mummy (D:7)
  Robin (D:4)
  6 gnolls
  7 adders
  2 shadow imps
  A white imp (D:8)
  5 ufetubi
  An adder skeleton (D:4)
  2 worms
  5 dart slugs
  20 orcs
  9 bats
  6 endoplasms
  3 giant cockroaches
  15 goblins
  8 hobgoblins
  3 quokkas
  6 ball pythons
  2 frilled lizards
  19 kobolds
  11 rats
255 creatures vanquished.

Vanquished Creatures (others)
  7 fungi
  10 plants
17 creatures vanquished.

Grand Total: 272 creatures vanquished

Notes
Turn   | Place    | Note
-------+----------+-------------------------------------------
     0 | D:1      | iguanaiguana the Minotaur Fighter began the quest for the
                  | Orb.
     0 | D:1      | Reached XP level 1. HP: 19/19 MP: 0/0
    99 | D:1      | Reached XP level 2. HP: 27/27 MP: 1/1
   292 | D:1      | Reached skill level 3 in Axes
   347 | D:1      | Reached XP level 3. HP: 33/33 MP: 2/2
  1714 | D:3      | Found an opulent altar of Gozag.
  1723 | D:3      | Reached XP level 4. HP: 40/40 MP: 3/3
  1739 | D:3      | Became a worshipper of Gozag Ym Sagoz the Greedy
  1987 | D:3      | Reached XP level 5. HP: 43/47 MP: 4/4
  2302 | D:4      | Found a staircase to the Ecumenical Temple.
  2325 | D:4      | Noticed an ogre
  2354 | D:3      | Killed an ogre
  2355 | D:3      | Reached skill level 5 in Fighting
  2355 | D:3      | Reached skill level 4 in Axes
  2355 | D:3      | Reached skill level 5 in Armour
  2355 | D:3      | Reached skill level 5 in Shields
  2551 | D:4      | Noticed a phantom
  2553 | D:4      | Noticed Natasha
  2556 | D:4      | Killed a phantom
  2557 | D:4      | Reached XP level 6. HP: 56/56 MP: 5/5
  2561 | D:4      | Killed Natasha
  2565 | D:4      | Noticed Natasha
  2572 | D:4      | Killed Natasha
  2710 | D:4      | Noticed Robin
  2733 | D:4      | Killed Robin
  2789 | D:4      | Reached skill level 5 in Axes
  2948 | D:4      | Found a shimmering altar of Xom.
  2961 | D:4      | Reached XP level 7. HP: 59/61 MP: 6/6
  3063 | D:4      | Noticed Natasha
  3070 | D:4      | Killed Natasha
  3072 | D:4      | Noticed Pikel
  3082 | D:4      | Killed Pikel
  3083 | D:4      | Reached skill level 6 in Axes
  3083 | D:4      | Reached XP level 8. HP: 65/71 MP: 7/7
  3496 | D:4      | Reached skill level 7 in Axes
  3533 | D:5      | Entered Level 5 of the Dungeon
  3696 | D:5      | Noticed a kobold demonologist
  3719 | D:5      | Killed a kobold demonologist
  4037 | D:5      | Reached skill level 8 in Axes
  4679 | D:5      | Noticed Blork the orc
  4687 | D:5      | Killed Blork the orc
  4759 | D:5      | Reached XP level 9. HP: 34/79 MP: 8/8
  5110 | D:6      | Reached skill level 9 in Axes
  5269 | D:6      | Noticed Sigmund
  5278 | D:6      | Killed Sigmund
  5408 | D:6      | Found a blossoming altar of Fedhas.
  5790 | D:7      | Reached skill level 10 in Axes
  5914 | D:7      | Identified the amulet "Viun" {rElec Will++ Regen+ Int-5
                  | SInv}
  6178 | D:7      | Found a white marble altar of Elyvilon.
  6180 | D:7      | Found a broken altar of Ashenzari.
  6204 | D:7      | Found an iron altar of Okawaru.
  6356 | D:7      | Found a snail-covered altar of Cheibriados.
  7501 | D:8      | Found a glowing golden altar of the Shining One.
  7567 | D:8      | Reached XP level 10. HP: 78/89 MP: 9/9
  7828 | D:8      | Reached skill level 11 in Axes
  8198 | D:8      | Noticed Erica
  8223 | D:8      | Killed Erica
  8604 | D:9      | Found a staircase to the Lair.
  8669 | Lair:1   | Entered Level 1 of the Lair of Beasts
  8802 | Lair:1   | Noticed a cane toad
  8815 | Lair:1   | Killed a cane toad
  9259 | Lair:1   | Reached skill level 12 in Axes
  9284 | Lair:1   | Noticed a cane toad
  9291 | Lair:1   | Killed a cane toad
  9390 | Lair:1   | Noticed a cane toad
  9391 | Lair:1   | Noticed a six-headed hydra
  9809 | Lair:2   | Identified the +8 shortbow of Death's Door {freeze, rPois}
 10310 | Lair:1   | Killed a one-headed hydra
 10311 | Lair:1   | Reached skill level 1 in Evocations
 10478 | Lair:1   | HP: 1/93 [cane toad (11)]
 10483 | Lair:1   | HP: 1/93 [cane toad (9)]
 10485 | Lair:1   | Killed a cane toad
 11650 | Lair:2   | Reached XP level 11. HP: 90/99 MP: 10/10
 11690 | Lair:2   | Reached skill level 10 in Armour
 11690 | Lair:2   | Reached skill level 10 in Shields
 11840 | Lair:2   | Reached skill level 10 in Fighting
 12376 | Lair:2   | Reached skill level 13 in Axes
 12785 | Lair:3   | Noticed a catoblepas
 13846 | Lair:3   | Killed a catoblepas
 14845 | Lair:3   | Reached skill level 5 in Evocations
 14849 | Lair:3   | HP: 3/101 [poisoned by a cane toad]
 14850 | Lair:3   | HP: 1/101 [poisoned by a cane toad]
 14851 | Lair:3   | Succumbed to a cane toad's poison

Illustrated notes

Levels and vault maps discovered:
D:1:      dpeg_arrival_more_subterranean_lakeside_camping, layout_basic
D:2:      layout_basic, dk_noncrumbling_2, minivault_25,
          kennysheep_generic_room_5
D:3:      layout_basic, mainiacjoe_overflow_catwalk
D:4:      layout_loops_ring, mainiacjoe_overflow_chevrons,
          minmay_temple_entry_slanted, wad_orctagon, uniq_robin, uniq_natasha,
          uniq_pikel
D:5:      layout_basic, uniq_blork_the_orc
D:6:      layout_rooms, fedhas_bush_and_centaur_altar, uniq_sigmund
D:7:      statuecave_lemuel, layout_layer_cave, slow_altar_1,
          okawaru_metal_pillars_3, chequers_temple_overflow_statue_of_worship
D:8:      layout_gridville, overflow_temple_1_default, uniq_erica
D:9:      layout_small_grid, nicolae_overflow_crystal_walls,
          gammafunk_temple_overflow_forgotten, dpeg_oklobed_lair,
          skrybe_limestone_x, minmay_diamond_spiral
Lair:1:   layout_layer_cave, lemuel_fruit_tree, grunt_megastairs_5
Lair:2:   layout_roguey, beast_lair_carwin_1, serial_bayou_shore_a
Lair:3:   layout_chaotic_city, minmay_shoals_entry_lonely_mermaid,
          grunt_megastairs_3

Skill      XL: |  1  2  3  4  5  6  7  8  9 10 11 |
---------------+----------------------------------+-----
Fighting       | 4 5 6 7 8 9 10 | 10.8
Shields        | 4 5 6 7 8 9 10 | 10.8
Armour         | 4 5 6 7 8 9 10 | 10.8
Axes           | 3 4 5 6 8 10 12 13 | 13.8
Evocations     | 1 5 |  5.0

Action                   |  1- 3 |  4- 6 |  7- 9 | 10-12 || total
-------------------------+-------+-------+-------+-------++-------
Melee: War axe           |    82 |   121 |   130 |       ||   333
       Headbutt          |     7 |    10 |    53 |    90 ||   160
       Hand axe          |       |       |   166 |   303 ||   469
       Broad axe         |       |       |       |   108 ||   108
       Scimitar          |       |       |       |    12 ||    12
Throw: Dart              |       |       |       |     2 ||     2
Invok: Potion Petition   |       |       |       |     1 ||     1
  Use: Potion            |       |     2 |     2 |     8 ||    12
       Scroll            |       |       |       |    14 ||    14
 Stab: Distracted        |       |       |       |     1 ||     1
       Petrified         |       |       |       |     1 ||     1
Armor: Scale mail        |    39 |    26 |       |       ||    65
       Chain mail        |       |    43 |   136 |   249 ||   428
Dodge: Dodged            |    51 |    57 |   101 |   135 ||   344
Block: Buckler           |    25 |    26 |    48 |       ||    99
       Tower shield      |       |       |    10 |   369 ||   379
